 Dungeon Crawl Stone Soup version 0.25-a0-719-gde951dce62 (webtiles) character file.

Game seed: 4923084893738480806, levelgen mode: deterministic

453 Maedhros the Stinger (level 7, -2/41 HPs)
             Began as an Octopode Wanderer on Apr 6, 2020.
             Was a Believer of Cheibriados.
             Slain by an ooze (4 damage)
             ... on level 2 of the Dungeon.
             The game lasted 00:13:19 (2925 turns).

Maedhros the Stinger (Octopode Wanderer)            Turns: 2925, Time: 00:13:19

Health: -2/41      AC:  1    Str: 16    XL:     7   Next: 5%
Magic:  4/10       EV: 12    Int: 22    God:    Cheibriados [**....]
Gold:   79         SH:  0    Dex: 16    Spells: 3/10 levels left

rFire    . . .     SeeInvis .     - Unarmed
rCold    . . .     Gourm    .   (no shield)
rNeg     . . .     Faith    .   (helmet restricted)
rPois    .         Spirit   .   p - amulet of magic regeneration
rElec    .         Reflect  .   (no ring)
rCorr    .         Harm     .   (no ring)
MR       .....                  (no ring)
Stlth    ++++......             (no ring)
HPRegen  0.13/turn              (no ring)
MPRegen  0.37/turn              (no ring)
                                (no ring)
                                (no ring)

@: mighty, very slow
A: almost no armour, stealthy swim, amphibious, 8 rings, constrict 8, camouflage
1, gelatinous body 1
a: Bend Time, Renounce Religion


You were on level 2 of the Dungeon.
You worshipped Cheibriados.
Cheibriados was pleased with you.
You were hungry.

You visited 1 branch of the dungeon, and saw 4 of its levels.

You collected 79 gold pieces.

Inventory:

Hand Weapons
 e - a +0 dagger
Missiles
 d - 94 stones (quivered)
 o - 21 sling bullets
Armour
 j - a +0 kite shield
 l - a +0 buckler
Jewellery
 p - an amulet of magic regeneration (around mantle)
Scrolls
 a - a scroll of teleportation {unknown}
 b - 2 scrolls of remove curse
 c - 3 scrolls of magic mapping
 g - a scroll of enchant armour {unknown}
 h - 2 scrolls of amnesia
 q - a scroll of enchant weapon {unknown}
 r - a scroll of blinking {unknown}
 u - a scroll of fog {unknown}
Potions
 i - 2 potions of haste
 n - 2 potions of stabbing
Comestibles
 f - 4 rations


   Skills:
 + Level 6.0 Stealth
 * Level 1.3 Unarmed Combat
 - Level 2.0 Spellcasting
   Level 1.0 Charms
 + Level 0.7 Transmutations
 - Level 2.0 Air Magic
   Level 3.0 Earth Magic
 * Level 6.5 Poison Magic


You had 3 spell levels left.
You knew the following spells:

 Your Spells              Type           Power        Failure   Level  Hunger
a - Sting                 Tmut/Pois      ###.         3%          1    #......
b - Mephitic Cloud        Conj/Pois/Air  ##......     13%         3    ###....
c - Ignite Poison         Fire/Tmut/Pois ##......     16%         3    ###....

Your spell library contained the following spells:

 Spells                   Type           Power        Failure   Level  Hunger
 Shock                    Conj/Air       #...         9%          1    #......
 Magic Dart               Conj           #...         14%         1    #......
 Blink                    Tloc           N/A          21%         2    ##.....
 Call Imp                 Summ           #.......     21%         2    ##.....
 Slow                     Hex            #.......     21%         2    ##.....
 Conjure Flame            Conj/Fire      #.......     38%         3    ###....


Dungeon Overview and Level Annotations

Branches:
Dungeon (4/15)             Temple (0/1) D:4

Altars:
Ashenzari
Cheibriados
Fedhas

Annotations:
D:3 Grinder


Innate Abilities, Weirdness & Mutations

You cannot wear most types of armour.
You are very stealthy in the water. (Stealth+)
You are amphibious.
You can wear up to eight rings at the same time.
You can use your tentacles to constrict eight enemies at once.
Your skin changes colour to match your surroundings (Stealth+).
Your rubbery body absorbs attacks. (AC +1, EV +1)


Message History

You bludgeon the orc wizard!
You kill the orc wizard!
Cheibriados thoroughly appreciates the change of pace.
You have reached level 7!
The ooze hits you.
* * * LOW HITPOINT WARNING * * *
You bludgeon the orc!
You kill the orc!
Cheibriados thoroughly appreciates the change of pace.
Cheibriados raises the support of your attributes as your movement slows.
The ooze closely misses you.
Unknown command.
Unknown command.
You barely miss the ooze. The ooze hits you.
* * * LOW HITPOINT WARNING * * *
Unknown command.
You barely miss the ooze. You squeeze the ooze.
The ooze is heavily wounded.
The ooze hits you.
You die...

#....#......#.#
#######.##.#.#...##.#
#.......##.###...##.#
##.########.....<....#
#
#.........###...######
.. ##.######.###.#.#
....# #.# #.#)..#.#
....##########.#†###.#
...............J@)...#
....#########.########
.....## #.# ......#
#.# ....#.## #.#
....#..# #.# ....##.#
#.# ....##÷######.#
...≈≈.≈†##....#


You could see an ooze.

Vanquished Creatures
  A jelly (D:4)
  2 hounds (D:4)
  3 orc priests
  A centaur skeleton (D:3)
  An iguana (D:4)
  2 orc wizards
  A worker ant (D:4)
  2 gnolls (D:2)
  2 adders (D:4)
  3 river rats (D:4)
  An adder skeleton (D:4)
  4 worms
  2 dart slugs
  2 leopard geckos
  12 orcs
  5 bats
  3 goblins
  3 hobgoblins
  3 jackals (D:1)
  A quokka (D:4)
  4 ball pythons
  2 frilled lizards
  A jackal skeleton (D:4)
  5 kobolds
  5 rats
71 creatures vanquished.

Notes
Turn   | Place    | Note
-------+----------+-------------------------------------------
     0 | D:1      | Maedhros the Octopode Wanderer began the quest for the Orb.
     0 | D:1      | Maedhros set off with the following items: a +0 club, a +0
                  | dagger, a ration; and the following spells available to
                  | memorise: Shock, Magic Dart, Sting, Blink, Call Imp, Slow,
                  | Mephitic Cloud, Conjure Flame, Ignite Poison
     0 | D:1      | Reached XP level 1. HP: 11/11 MP: 3/3
     2 | D:1      | Learned a level 1 spell: Sting
   217 | D:1      | Reached skill level 1 in Poison Magic
   225 | D:1      | Reached XP level 2. HP: 10/17 MP: 5/5
  1042 | D:1      | Reached XP level 3. HP: 20/21 MP: 6/6
  1206 | D:1      | Learned a level 3 spell: Mephitic Cloud
  1341 | D:2      | Found a snail-covered altar of Cheibriados.
  1346 | D:2      | Became a worshipper of Cheibriados the Contemplative
  1440 | D:2      | Found a blossoming altar of Fedhas.
  1566 | D:2      | Reached XP level 4. HP: 15/27 MP: 2/7
  1711 | D:2      | Learned a level 3 spell: Ignite Poison
  1714 | D:2      | You fall into a shaft and drop 2 floors!
  1781 | D:4      | Found a shattered altar of Ashenzari.
  1847 | D:4      | Reached XP level 5. HP: 15/31 MP: 4/8
  1942 | D:4      | Reached * piety under Cheibriados
  2050 | D:4      | Reached skill level 5 in Stealth
  2234 | D:4      | Reached skill level 5 in Poison Magic
  2304 | D:4      | Reached XP level 6. HP: 14/36 MP: 6/9
  2324 | D:4      | Found a staircase to the Ecumenical Temple.
  2499 | D:3      | Reached ** piety under Cheibriados
  2693 | D:3      | Noticed Grinder
  2916 | D:3      | Reached skill level 1 in Unarmed Combat
  2922 | D:2      | Reached XP level 7. HP: 8/41 MP: 3/10
  2924 | D:2      | HP: 1/41 [ooze (4)]
  2925 | D:2      | Slain by an ooze

Levels and vault maps discovered:
D:1:      ebering_trefoil_3fold, layout_loops_ring, hangedman_decor_opposing
D:2:      layout_basic, nemelex_xobeh_ov_fountains_minmay,
          fedhas_ov_isle_minmay, dk_noncrumbling_2,
          chequers_serial_rivers_small_3, cheibriados_altar_1
D:3:      layout_rooms, dancing_weapons_uskayaw, uniq_jessica, uniq_grinder
D:4:      minmay_chambers_of_fours, layout_basic, evilmike_ruin_ashenzari,
          minmay_temple_entry_butterflies, portal_sewer_entry_e

Skill      XL: |  1  2  3  4  5  6 |
---------------+-------------------+-----
Poison Magic   | 1 2 3 4 5 6 |  6.5
Stealth        | 3 4 5 6 |  6.0
Unarmed Combat | 1 |  1.3
Spellcasting   | |  2.0
Charms         | |  1.0
Transmutations | |  0.7
Air Magic      | |  2.0
Earth Magic    | |  3.0

Action                   |  1- 3 |  4- 6 |  7- 9 || total
-------------------------+-------+-------+-------++-------
Melee: Dagger            |    69 |    55 |       ||   124
       Constrict         |    19 |    19 |       ||    38
       Tentacles         |     8 |    21 |     1 ||    30
       Unarmed           |       |    32 |     3 ||    35
       Punch             |       |     1 |       ||     1
 Cast: Sting             |    24 |    32 |       ||    56
       Mephitic Cloud    |       |    11 |       ||    11
       Ignite Poison     |       |     1 |       ||     1
  Use: Scroll            |       |     5 |       ||     5
       Potion            |       |     5 |       ||     5
 Stab: Sleeping          |       |     2 |       ||     2
       Confused          |       |     2 |       ||     2
  Eat: Chunk             |     2 |     5 |       ||     7
Armor: Skin              |    16 |     7 |       ||    23
Dodge: Dodged            |    53 |    66 |     1 ||   120

Table legend:
 A = Non-vault XP
 B = Vault XP
 C = Vault XP percentage of total XP
 D = Non-vault monster count
 E = Vault monster count
 F = Vault count percentage of total count
                 A         B        C        D         E       F
            +---------+---------+-------+---------+---------+-------
      Total |     600 |      48 |   7.4 |      63 |       8 |  11.3
            +---------+---------+-------+---------+---------+-------
        D:1 |      36 |       0 |   0.0 |      20 |       0 |   0.0
        D:2 |      98 |       0 |   0.0 |      15 |       0 |   0.0
        D:3 |     133 |       0 |   0.0 |       9 |       0 |   0.0
        D:4 |     333 |      48 |  12.6 |      19 |       8 |  29.6
            +---------+---------+-------+---------+---------+-------
